 Dungeon Crawl Stone Soup version 0.31-a0-460-g9e667d4245 (webtiles) character file.

Game seed: 5432629283962410481

61 MackTheKnife the Shooter (level 4, -1/26 HPs)
             Began as a Tengu Hunter on Aug 4, 2023.
             Slain by a sky beast (3 damage)
             ... on level 3 of the Dungeon.
             The game lasted 00:02:06 (1955 turns).

MackTheKnife the Shooter (Tengu Hunter)             Turns: 1955, Time: 00:02:07

Health: -1/26      AC:  3    Str: 12    XL:     4   Next: 7%
Magic:  5/5        EV: 12    Int:  9    God:
Gold:   115        SH:  0    Dex: 19    Spells: 3/3 levels left

rFire   . . .        a - +0 shortbow {bow}
rCold   . . .        (shield currently unavailable)
rNeg    . . .        c - +0 leather armour
rPois   .            (helmet restricted)
rElec   .            (no cloak)
rCorr   .            (no gloves)
SInv    .            (boots unavailable)
Will    .....        (no amulet)
Stlth   ++           (no ring)
HPRegen 0.24/turn    (no ring)
MPRegen 0.09/turn

%: no passive effects
@: no status effects
A: beak, talons 3
a: no special abilities


You were on level 3 of the Dungeon.
You visited 1 branch of the dungeon, and saw 3 of its levels.

You collected 115 gold pieces.


Innate Abilities, Weirdness & Mutations

You have a beak for a mouth.
You have claws for feet.


   Skills:
 - Level 2.0 Fighting
 + Level 6.1 Ranged Weapons
 - Level 2.1 Dodging
 - Level 1.0 Stealth


You had 3 spell levels left.
You didn't know any spells.
Your spell library contained the following spells:

 Spells                   Type           Power      Damage    Failure   Level
 Tukima's Dance           Hex            0%         N/A       83%         3
 Passage of Golubria      Tloc           0%         N/A       99%         4
 Yara's Violent Unravell  Hex/Tmut       0%         3d3       100%        5

Inventory:

Hand Weapons
 a - a +0 shortbow (weapon) {bow}
Armour
 c - a +0 leather armour (worn)
Scrolls
 e - a scroll of teleportation {unknown}
 f - a scroll of brand weapon {unknown}
 g - a scroll of identify {@r1}
 j - 2 scrolls of torment {unknown}
 l - a scroll of fear {unknown}
 n - a scroll of poison {unknown}
Potions
 d - a potion of enlightenment
 h - a potion of brilliance {unknown}
 i - a potion of ambrosia {unknown}
 k - a potion of magic {unknown}
 m - a potion of resistance {unknown}
 o - a potion of curing {unknown}

Dungeon Overview and Level Annotations

Branches:
Dungeon (3/15) Zot: 16019

Altars:

Shops:
D:3

( [.# #.#.###.##.#
.## #.#.# #.##.# .#
#.#.###.##.###
.#####.#..........##
.............##....#
.......#########..##
.####### #..#
.######## #..#
......... #@.#
.#########.#####..#
.# #.##.....# .#####
#.##.###.# .....#
#.##.# #.# ####.#
#.##.###[# #.#
#.##.#...# #.#
#.##.#.###
####.#####.##.#.#


There were no monsters in sight!


Message History

You now have 26 max hp (+5).
You regained 5 hp, and now have 22/26 hp.
Your mp is fully restored (5).
You see here a +0 ring mail.
Key pressed, stopping explore.
Key pressed, stopping explore.
Key pressed, stopping explore.
You see here a +0 ring mail.
Found a stone staircase leading down. 😎 HP[+4]
Your hp is fully restored (26).
No target in view!
There is a stone staircase leading down here.
A sky beast is nearby!
A sky beast is nearby!
You shoot an arrow. The arrow barely misses the sky beast.
You shoot an arrow.
The arrow completely misses the sky beast.
No target in view!
No target in view!
No target in view!
No target in view!
No target in view!
No target in view!
No target in view!
No target in view!
No target in view!
No target in view!
No target in view!
There is a stone staircase leading down here.
Fire: a) +0 shortbow {bow}
Press: ? - help, Q - select action Shift-Dir - straight line, f/p - sky beast
Aim: a sky beast (56% to hit)
You shoot an arrow. The arrow closely misses the sky beast.
Fire: a) +0 shortbow {bow}
Press: ? - help, Q - select action Shift-Dir - straight line, f/p - sky beast
Aim: a sky beast (56% to hit)
You shoot an arrow. The arrow hits the sky beast.
The sky beast completely misses you. The sky beast closely misses you.
Fire: a) +0 shortbow {bow}
Press: ? - help, Q - select action Shift-Dir - straight line, f/p - sky beast
Aim: a sky beast (lightly wounded, 56% to hit)
You shoot an arrow. The arrow barely misses the sky beast.
The sky beast hits you but does no damage.
Fire: a) +0 shortbow {bow}
Press: ? - help, Q - select action Shift-Dir - straight line, f/p - sky beast
Aim: a sky beast (lightly wounded, 56% to hit)
You shoot an arrow. The arrow hits the sky beast.
The sky beast misses you.
Fire: a) +0 shortbow {bow}
Press: ? - help, Q - select action Shift-Dir - straight line, f/p - sky beast
Aim: a sky beast (moderately wounded, 56% to hit)
You shoot an arrow. The arrow hits the sky beast.
The sky beast flickers out of sight!
Deactivating autopickup; reactivate with Ctrl-A.
Something hits you but does no damage.
Fire: a) +0 shortbow {bow}
Press: ? - help, Q - select action Shift-Dir - straight line, f - you That would be overly suicidal.
Okay, then.
Unknown command.
Something hits you but does no damage. Something hits you.
Something shocks you. 😮 HP[-8]
You take 8 damage, and now have 18/26 hp.
MASSIVE DAMAGE!! (PAUSE)
Something barely misses you. Something hits you but does no damage.
You see here a +0 ring mail. 😮 HP[+1]
A sky beast appears from thin air!
Reactivating autopickup.
Fire: a) +0 shortbow {bow}
Press: ? - help, Q - select action Shift-Dir - straight line, f - sky beast
Aim: a sky beast (moderately wounded, 56% to hit)
You shoot an arrow. The arrow barely misses the sky beast.
The sky beast flickers out of sight!
Deactivating autopickup; reactivate with Ctrl-A.
Something hits you. Something shocks you.
* * * LOW HITPOINT WARNING * * *
😨 HP[-9]
You take 9 damage, and now have 10/26 hp.
MASSIVE DAMAGE!! (PAUSE) Fire: a) +0 shortbow {bow}
Press: ? - help, Q - select action Shift-Dir - straight line, f - you That would be overly suicidal.
Okay, then.
Unknown command.
Something hits you.
* * * LOW HITPOINT WARNING * * *
Something shocks you.
* * * LOW HITPOINT WARNING * * *
😱 HP[-8]
You take 8 damage, and now have 2/26 hp.
MASSIVE DAMAGE!! (PAUSE)
As you read the scroll labelled ZEPOGELEJUO, it crumbles to dust.
It is a scroll of identify.
d - a potion of enlightenment Something hits you.
You die...

Skill      XL: |  1  2  3 |
---------------+----------+-----
Ranged Weapons | 5 6 |  6.1
Fighting       | |  2.0
Dodging        | |  2.1
Stealth        | |  1.0

Action                     |  1- 3 |  4- 6 || total
---------------------------+-------+-------++-------
   Fire: Shortbow          |   125 |     8 ||   133
    Use: Scroll            |     1 |     1 ||     2
 Armour: Leather armour    |    14 |     4 ||    18
  Dodge: Dodged            |    37 |     4 ||    41

Levels and vault maps discovered:
D:1:      erik_arrival_blinker_ship, layout_loops_ring,
          shapermc_ecumenical_altar_acropolis, minmay_tromino_v2
D:2:      layout_basic, nrook_loot_triangle
D:3:      layout_loops_ring, kennysheep_orc_sif_temple, serial_shops,
          nicolae_shop_competitors_out_of_business, st_stairs_4,
          chequers_serial_rivers_small_a

Notes
Turn   | Place    | Note
-------+----------+-------------------------------------------
     0 | D:1      | MackTheKnife the Tengu Hunter began the quest for the Orb.
     0 | D:1      | Reached XP level 1. HP: 12/12 MP: 2/2
     0 | D:1      | magus.rc [v1.9.6]
    93 | D:1      | Reached XP level 2. HP: 17/17 MP: 3/3
   186 | D:1      | Reached skill level 5 in Ranged Weapons
   507 | D:1      | Found a faded altar of an unknown god.
   557 | D:1      | Reached XP level 3. HP: 21/21 MP: 4/4
  1528 | D:3      | You add the spells Tukima's Dance, Passage of Golubria and
                  | Yara's Violent Unravelling to your library.
  1633 | D:3      | Noticed a sky beast
  1674 | D:3      | HP: 5/21 [bat (1)]
  1827 | D:3      | Found Mait's Antique Weapon Emporium.
  1845 | D:3      | Reached skill level 6 in Ranged Weapons
  1845 | D:3      | Reached XP level 4. HP: 22/26 MP: 5/5
  1954 | D:3      | HP: 6/26 [something (4)]
  1954 | D:3      | HP: 1/26 [something (5)]
  1955 | D:3      | Slain by a sky beast

Vanquished Creatures
  An adder (D:3)
  5 ball pythons
  7 bats
  3 endoplasms
  6 giant cockroaches
  3 hobgoblins
  6 kobolds
  4 quokkas
  3 frilled lizards
  4 goblins
  7 rats
49 creatures vanquished.

Table legend:
 A = Non-vault XP
 B = Vault XP
 C = Vault XP percentage of total XP
 D = Non-vault monster count
 E = Vault monster count
 F = Vault count percentage of total count
                 A         B        C        D         E       F
            +---------+---------+-------+---------+---------+-------
      Total |      78 |      10 |  11.4 |      43 |       6 |  12.2
            +---------+---------+-------+---------+---------+-------
        D:1 |      31 |       4 |  11.4 |      18 |       2 |  10.0
        D:2 |      25 |       0 |   0.0 |      17 |       0 |   0.0
        D:3 |      22 |       6 |  21.4 |       8 |       4 |  33.3
            +---------+---------+-------+---------+---------+-------

Skill      XL: |  1  2  3 |
---------------+----------+-----
Ranged Weapons | 5 6 |  6.1
Fighting       | |  2.0
Dodging        | |  2.1
Stealth        | |  1.0

Action                     |  1- 3 |  4- 6 || total
---------------------------+-------+-------++-------
   Fire: Shortbow          |   125 |     8 ||   133
    Use: Scroll            |     1 |     1 ||     2
 Armour: Leather armour    |    14 |     4 ||    18
  Dodge: Dodged            |    37 |     4 ||    41

Illustrated notes

Table legend:
 A = Kills in this place as a percentage of kills in the entire game.
 B = Kills by you in this place as a percentage of kills by you in the entire game.
 C = Kills by friends in this place as a percentage of kills by friends in the entire game.
 D = Other kills in this place as a percentage of other kills in the entire game.
 E = Experience gained in this place as a percentage of experience gained in the entire game.
 F = Experience gained in this place divided by the number of levels of this place that you have seen.
                   A       B       C       D       E      F
               +-------+-------+-------+-------+-------+----------------------
         Total | 100.0 | 100.0 |   N/A |   N/A | 100.0 |  29.3
       Dungeon | 100.0 | 100.0 |   N/A |   N/A | 100.0 |  29.3
               +-------+-------+-------+-------+-------+----------------------

Table legend: (Time is in decaauts)
 A = Elapsed time spent in this place.
 B = Non-inter-level travel time spent in this place.
 C = Inter-level travel time spent in this place.
 D = Time resting spent in this place.
 E = Time spent auto-exploring this place.
 F = Levels seen in this place.
 G = Mean time per level.
                   A        B        C        D        E       F      G
               +--------+--------+--------+--------+--------+-----+--------+
         Total |   1979 |   1869 |    110 |     30 |   1531 |   3 |  659.7 |
       Dungeon |   1979 |   1869 |    110 |     30 |   1531 |   3 |  659.7 |
               +--------+--------+--------+--------+--------+-----+--------+

Top non-repeatable levels by time:
     D:2: 886 daAuts
     D:1: 676 daAuts
     D:3: 416 daAuts
